 Dungeon Crawl Stone Soup version 0.22-a0-617-g6d95e9e (webtiles) character file.

3 Amnesiac the Magician (level 1, -1/14 HPs)
             Began as a Mummy Wizard on July 13, 2018.
             Slain by a kobold
             ... wielding a +0 dagger
              (3 damage)
             ... on level 1 of the Dungeon.
             The game lasted 00:00:32 (72 turns).

Amnesiac the Magician (Mummy Wizard)                  Turns: 72, Time: 00:00:33

Health: -1/14      AC:  2    Str: 10    XL:     1   Next: 41%
Magic:  0/5        EV:  7    Int: 17    God:
Gold:   0          SH:  9    Dex: 10    Spells: 7/8 levels left

rFire    x . .     SeeInvis .   (no weapon)
rCold    + . .     Gourm    .   c - +0 large shield
rNeg     + + +     Faith    .   a - +0 robe
rPois    ∞         Spirit   .   (no helmet)
rElec    .         Reflect  .   (no cloak)
rCorr    .         Harm     .   (no gloves)
MR       .....                  (no boots)
Stlth    ++........             (no amulet)
HPRegen  0.04/turn              d - ring of wizardry
MPRegen  0.09/turn              (no ring)

@: very slightly contaminated
A: no food or potions, fire vulnerability, cold resistance 1, negative energy
resistance 3, torment resistance, unbreathing
a: no special abilities


You were on level 1 of the Dungeon.
You were not hungry.

You visited 1 branch of the dungeon, and saw 1 of its levels.

Inventory:

Missiles
 b - 18 stones (quivered)
Armour
 a - a +0 robe (worn)
 c - a +0 large shield (worn)
Jewellery
 d - a ring of wizardry (left hand)


   Skills:
 + Level 0.5 Fighting
 + Level 1.7 Dodging
 - Level 1.5 Stealth
 - Level 4.0 Spellcasting
 - Level 0.7 Conjurations
   Level 0.7 Summonings
   Level 0.7 Translocations


You had 7 spell levels left.
You knew the following spells:

 Your Spells              Type           Power        Failure   Level  Hunger
a - Magic Dart            Conj           #...         73%         1    N/A

Your spell library contained the following spells:

 Spells                   Type           Power        Failure   Level  Hunger
 Conjure Flame            Conj/Fire      #.......     98%         3    N/A
 Slow                     Hex            #.......     91%         2    N/A
 Mephitic Cloud           Conj/Pois/Air  #.......     98%         3    N/A
 Blink                    Tloc           N/A          86%         2    N/A
 Call Imp                 Summ           #.......     86%         2    N/A

Dungeon Overview and Level Annotations

Branches:
Dungeon (1/15)

Altars:


Innate Abilities, Weirdness & Mutations

You do not eat or drink.
Your flesh is vulnerable to fire.
You are immune to poison.
Your flesh is cold resistant. (rC+)
You are immune to negative energy. (rN+++)
You are immune to unholy pain and torment.
You can survive without breathing.


Message History

Aim: a kobold, wielding a short sword (moderately wounded)
The magic dart hits the kobold.
The kobold is heavily wounded.
The kobold hits you with a short sword.
* * * LOW HITPOINT WARNING * * *
Unknown command.
Casting: Magic Dart (safe; 4% risk of failure)
Confirm with . or Enter, or press ? or * to list all spells.
Aiming: Magic Dart (safe; 4% risk of failure)
Press: ? - help, Shift-Dir - straight line, f/p - kobold
Aim: a kobold, wielding a short sword (heavily wounded)
The magic dart hits the kobold.
The kobold is heavily wounded.
The kobold closely misses you. The kobold hits you but does no damage.
There is a staircase leading out of the dungeon here.
You see here a ration.
Casting: Magic Dart (safe; 4% risk of failure)
Confirm with . or Enter, or press ? or * to list all spells.
Aiming: Magic Dart (safe; 4% risk of failure)
Press: ? - help, Shift-Dir - straight line, f/p - kobold
Aim: a kobold, wielding a short sword (heavily wounded)
The magic dart hits the kobold.
You kill the kobold!
Wear which item? (? for menu, Esc to quit)
Keep equipping yourself?
You start putting on your armour.
You continue putting on your large shield.
The goblin barely misses you.
You continue putting on your large shield.
The goblin barely misses you.
You continue putting on your large shield.
The goblin closely misses you.
You continue putting on your large shield.
The goblin misses you.
You finish putting on your +0 large shield.
Casting: Magic Dart (safe; 73% risk of failure)
Confirm with . or Enter, or press ? or * to list all spells.
Aiming: Magic Dart (safe; 73% risk of failure)
Press: ? - help, Shift-Dir - straight line, f - goblin
Aim: a goblin, wielding a dagger The magic dart hits the goblin.
The goblin is moderately wounded.
You block the goblin's attack.
Casting: Magic Dart (safe; 73% risk of failure)
Confirm with . or Enter, or press ? or * to list all spells.
You don't have enough magic to cast that spell.
Unknown command.
You closely miss the goblin.
The goblin is moderately wounded.
You block the goblin's attack.
Unknown command.
You hit the goblin.
You kill the goblin!
Unknown command.
Casting: Magic Dart (safe; 73% risk of failure)
Confirm with . or Enter, or press ? or * to list all spells.
Aiming: Magic Dart (safe; 73% risk of failure)
Press: ? - help, Shift-Dir - straight line, f - kobold
Aim: a kobold, wielding a dagger You miscast Magic Dart.
You are very lightly contaminated with residual magic.
Strange energies run through your body. The kobold hits you with a dagger.
You die...

##... #...# #(.##
#(.#. #.... #....
#.... ♣♣♣ #.... ♣♣@♣
♣♣♣♣♣♣#....
♣K♣♣♣♣♣♣♣.♣..♣#....
♣.♣..g..♣.♣†...[....
♣...%.K....♣..♣#....
♣♣♣.♣...♣♣.♣...#....
♣♣♣♣♣..♣♣♣♣♣♣#....
♣♣♣♣ ##... ....
#....


You could see a kobold.

Vanquished Creatures
  A goblin (D:1)
  A kobold (D:1)
  A frilled lizard (D:1)
3 creatures vanquished.

Notes
Turn   | Place    | Note
-------+----------+-------------------------------------------
     0 | D:1      | Amnesiac the Mummy Wizard began the quest for the Orb.
     0 | D:1      | Reached XP level 1. HP: 13/13 MP: 5/5
    72 | D:1      | Slain by a kobold

Vault maps used:
D:1:      roderic_dead_forest

Action                   || total
-------------------------++-------
Melee: Unarmed           ||     3
 Cast: Magic Dart        ||     6
Armor: Robe              ||     3
Dodge: Dodged            ||    12
Block: Large shield      ||     2

Table legend:
 A = Spawn XP
 B = Non-spawn XP
 C = Spawn XP percentage of total XP
 D = Spawn monster count
 E = Non-spawn monster count
 F = Spawn count percentage of total count
 G = Total turns spent on level
                    A         B        C        D         E        F      G
               +---------+---------+-------+---------+---------+-------+---------
         Total |       0 |       5 |   0.0 |       0 |       3 |   0.0 |    72
               +---------+---------+-------+---------+---------+-------+---------
           D:1 |       0 |       5 |   0.0 |       0 |       3 |   0.0 |    72
               +---------+---------+-------+---------+---------+-------+---------
